 Dungeon Crawl Stone Soup version 0.29.1 (webtiles) character file.

Game seed: 16820157568485901427

224510 qw the Slayer (level 18, -1/183 HPs)
             Began as a Minotaur Berserker on Sept 13, 2022.
             Was an Elder of Trog.
             Slain by an ironbound convoker
             ... wielding a +0 great mace
              (8 damage)
             ... on level 1 of the Vaults.
             The game lasted 00:16:57 (45624 turns).

qw the Slayer (Minotaur Berserker)                 Turns: 45624, Time: 00:16:58

Health: -1/183     AC: 25    Str: 29    XL:     18   Next: 59%
Magic:  17/17      EV: 15    Int:  6    God:    Trog [****..]
Gold:   1682       SH: 14    Dex: 11    Spells: 17/17 levels left

rFire   + + +      SeeInvis .   Y - +2 broad axe (venom)
rCold   + + .      Faith    +   q - +0 kite shield
rNeg    . . .      Spirit   .   w - +1 plate armour
rPois   +          Reflect  .   (helmet unavailable)
rElec   +          Harm     .   e - scarf {rC+ rF+}
rCorr   +          Rampage  +   A - +0 pair of gloves of Xom's Benevolence {rPois rF+ Int-5}
Will    +....                   k - +2 pair of boots
Stlth   ..........              l - amulet "Ennatzuk" {Faith Rampage Regen+ Int+3 Stlth-}
HPRegen 1.20/turn               f - +6 ring of intelligence
MPRegen 0.15/turn               j - +4 ring of evasion

@: about to teleport, resistant, on berserk cooldown, slowed, very slow
A: horns 3, retaliatory headbutt, hooves 1, dopey 1, sense surroundings 1
}: 1/15 runes: serpentine
a: Renounce Religion, Berserk, Trog's Hand, Brothers in Arms


You were on level 1 of the Vaults.
You worshipped Trog.
Trog was greatly pleased with you.
You visited 6 branches of the dungeon, and saw 30 of its levels.
You visited the Abyss 1 time.
You also visited: Ossuary and Gauntlet.

You collected 4042 gold pieces.
You spent 2360 gold pieces at shops.


Innate Abilities, Weirdness & Mutations

You have a pair of large horns on your head.
You reflexively headbutt those who attack you in melee.
You have large cloven feet.
You are dopey. (Int -2)
You passively map a small area around you.


   Skills:
 + Level 21.7 Fighting
 - Level 18.0 Axes
 - Level 10.0 Throwing
 - Level 19.0 Armour
 - Level 10.0 Dodging
 - Level 18.0 Shields


You had 17 spell levels left.
You didn't know any spells.
Your spell library was empty.

Inventory:

Hand Weapons
 Y - a +2 broad axe of venom (weapon)
Missiles
 h - 25 boomerangs
 y - 3 javelins (quivered)
Armour
 a - a +0 pair of gloves of strength
 e - a scarf of resistance (worn)
 k - a +2 pair of boots (worn)
 m - a +0 chain mail of poison resistance
 q - a +0 kite shield (worn)
 w - a +1 plate armour (worn)
 A - the +0 pair of gloves of Xom's Benevolence (worn) {rPois rF+ Int-5}
   (You acquired it on level 3 of the Lair of Beasts)

   Int:       It affects your intelligence (-5).
   rF:        It protects you from fire.
   rPois:     It protects you from poison.
 C - a +1 cloak of poison resistance
Jewellery
 f - a +6 ring of intelligence (left hand)
 j - a +4 ring of evasion (right hand)
 l - the amulet "Ennatzuk" (around neck) {Faith Rampage Regen+ Int+3 Stlth-}
   (You bought it in a shop on level 2 of the Orcish Mines)

   [amulet of faith]

   It allows you to gain divine favour quickly.
   Int:       It affects your intelligence (+3).
   Regen:     It increases your rate of health regeneration.
   Rampage:   It bestows one free step when moving towards enemies.
   Stlth:     It makes you less stealthy.
 p - a ring of poison resistance
 x - a ring of fire
 z - a +4 ring of protection
 B - a ring of fire
Wands
 n - a wand of digging (26)
Scrolls
 b - 4 scrolls of teleportation
 i - 24 scrolls of identify
Potions
 d - 5 potions of might
 o - a potion of mutation
 r - 2 potions of resistance
 t - 15 potions of curing
 v - 5 potions of haste

Dungeon Overview and Level Annotations

Branches:
Dungeon (15/15)            Temple (0/1) D:7            Lair (5/5) D:10
  Swamp (3/4) Lair:3        Snake (4/4) Lair:3        Slime (0/5) Lair:4
    Orc (2/2) D:10            Elf (0/3) Orc:2        Vaults (1/5) D:14
 Depths (0/4) D:15        Ossuary (visited)         Gauntlet (visited)

Altars:
Ashenzari
Cheibriados
Dithmenos
Gozag
Hepliaklqana
Okawaru
Qazlal
Vehumet
Xom
Zin
The Shining One
Jiyva

Shops:
D:5 (   D:6 [   D:7 (   D:10 :   D:12 *   D:13 ?   Orc:2 !(=(

Annotations:
D:8 1 transporter, qw's ghost, novice GrBe
D:11 3 runed translucent doors, qw's ghost, journeyman GrFi
D:12 3 runed translucent doors, Plog's ghost, journeyman DgVM
D:14 3 runed translucent doors, Ytheofip's ghost, journeyman FoFi
Lair:2 2 runed translucent doors, qw's ghost, journeyman MiBe
Snake:2 1 runed translucent door, qw's ghost, adept MiBe


Message History

45622 ||| READING 5 scrolls of teleportation.
As you read the scroll of teleportation, it crumbles to dust.
You feel strangely unstable. You block the deep troll's attack. x2
The deep troll claws you but does no damage.
The deep troll bites you. The deep troll barely misses you.
The deep troll closely misses you.
The ironbound convoker points at the deep troll and mumbles some strange words.
The deep troll seems to grow stronger.
The wizard mumbles some strange words.
The wizard flickers and vanishes!
Deactivating autopickup; reactivate with Ctrl-A.
The red ugly thing tentacle-slaps you.
You are engulfed in flames.
You resist.
The deep troll bites you but does no damage.
The deep troll closely misses you.
The deep troll claws you but does no damage.
Strange energies crackle from the ironbound thunderhulk's apparatus.
The ironbound thunderhulk blinks!
An ironbound preserver comes into view. It is wielding a +0 morningstar.
You hit the deep troll.
The deep troll looks as sick as possible!
You headbutt the deep troll!
The deep troll is almost dead.
You hit the ironbound preserver.
You hit the red ugly thing but do no damage.
The red ugly thing is poisoned.
You completely miss something.
The red ugly thing tentacle-slaps you but does no damage.
You hear some strange, mumbled words.
You block the deep troll's attack. The deep troll claws you! x2
The ironbound preserver misses you.
You closely miss the deep troll. You headbutt the deep troll.
You kill the deep troll!
Trog accepts your kill.
You hit the ironbound preserver. You hit the red ugly thing.
The red ugly thing looks even sicker.
You slice the ironbound convoker!!
The ironbound convoker is poisoned.
The red ugly thing closely misses you. You furiously retaliate!
You headbutt the red ugly thing!!
The ironbound convoker hits you with a +0 great mace!
You die...

, , * * *###
* , ...., ,
* ,, ,?.. ,
,####.#### *
* ,#.......#
, *
,#.......# ,
* T#@u.#..u#
, ,,
#.Tp.p## ...
, +..#..u#
,#
,,#..#.O...
, ,+.
#$..... * *
,,
#.,####.###*
* # .., ,
,...


You could see an ironbound preserver, an ironbound thunderhulk, 2 ugly things, a
deep troll and an ironbound convoker (very poisoned).

Vanquished Creatures
  Nikola (Snake:3)
  Jorgrun (Orc:2)
  A lich (Abyss:3)
  An Executioner (Abyss:3)
  2 quicksilver dragons (Snake:4)
  5 nagarajas (Snake:4)
  A tengu reaver (D:12)
  Roxanne (D:15)
  A daeva (Abyss:3)
  2 vault wardens (Vaults:1)
  Aizul (Snake:1)
  A cacodemon (Abyss:3)
  2 ironbound preservers (Vaults:1)
  Nessos (Orc:2)
  A minotaur (Gauntlet)
  A dire elephant (D:15)
  3 eleionomae (Swamp:2)
  3 bunyips (Swamp:3)
  Snorg (Lair:5)
  A yaktaur captain (Vaults:1)
  2 fire dragons
  Josephine (D:11)
  A great orb of eyes (D:15)
  8 hydras
  4 ogre magi (Orc:2)
  Erolcha (D:9)
  4 boulder beetles
  7 salamander tyrants
  A centaur warrior (D:15)
  10 alligators
  18 anacondas
  2 dancing weapons (D:14)
  10 naga warriors
  A death knight (D:12)
  A catoblepas (Gauntlet)
  18 two-headed ogres
  13 naga sharpshooters
  5 tengu warriors
  An orc high priest (Orc:2)
  Urug (D:11)
  7 shock serpents
  A thrashing horror (Abyss:3)
  A hell hog (Abyss:3)
  5 spriggans
  2 salamander mystics
  2 sea snakes (Snake:1)
  3 sixfirhies
  9 skeletal warriors
  A goliath frog (Swamp:2)
  10 deep trolls (Vaults:1)
  7 naga ritualists
  8 bog bodies (Swamp:1)
  A spriggan druid (Swamp:1)
  An orb spider (Abyss:3)
  An ironbound convoker (Vaults:1)
  Pikel (D:9)
  4 lindwurms
  A wizard (Vaults:1)
  4 swamp dragons
  A deep elf pyromancer (D:13)
  9 mana vipers
  4 ugly things
  4 harpies (Vaults:1)
  2 orc knights (Orc:2)
  3 orc sorcerers
  3 oklob plants
  6 will-o-the-wisps
  16 salamanders
  4 cyclopes
  5 manticores
  12 elephants
  Joseph (D:9)
  A smoke demon (Abyss:3)
  8 large abominations (Abyss:3)
  Maurice (D:9)
  5 guardian serpents
  An apocalypse crab (Abyss:3)
  58 black mambas
  19 naga magi
  2 molten gargoyles (Gauntlet)
  2 gargoyles (Gauntlet)
  8 cane toads
  2 orange demons (Abyss:3)
  2 unseen horrors
  A rime drake (Lair:5)
  A kobold demonologist (D:10)
  9 komodo dragons
  A tengu conjurer (D:15)
  An ancient zyme (Abyss:3)
  3 yaktaurs (Vaults:1)
  4 trolls
  A bloated husk (Swamp:2)
  2 slime creatures (Vaults:1)
  Prince Ribbit (D:7)
  6 tyrant leeches
  7 hornets
  Grinder (D:3)
  10 polar bears
  9 blink frogs
  3 raiju (Lair:5)
  A shadow (D:10)
  2 ynoxinuls (Abyss:3)
  8 wraiths
  A vampire (D:11)
  7 wyverns
  44 yaks
  2 small abominations
  7 basilisks
  2 chaos spawn (Abyss:3)
  3 steam dragons
  9 vampire mosquitoes
  7 swamp worms
  24 nagas
  10 wargs
  A neqoxec (Abyss:3)
  4 acid dragons
  12 hell hounds (Lair:5)
  20 water moccasins
  3 swamp drakes (Lair:5)
  25 orc warriors
  3 sky beasts (D:7)
  13 black bears
  22 wolves
  27 ogres
  14 centaurs
  3 lemures (D:9)
  4 phantoms
  2 kobold brigands
  9 bullfrogs
  A gnoll sergeant (D:10)
  2 necrophages (D:5)
  3 scorpions
  3 wights (D:8)
  5 killer bees (D:8)
  4 howler monkeys
  4 hounds (D:5)
  3 jellies
  21 orc priests
  A gnoll bouda (D:5)
  12 iguanas
  21 orc wizards
  A boggart simulacrum (D:14)
  8 mummies (Ossuary)
  6 gnolls
  5 adders
  A white imp (D:6)
  3 ufetubi
  A worm (D:5)
  89 orcs
  6 endoplasms
  4 giant cockroaches
  8 goblins
  6 hobgoblins
  4 jackals (D:5)
  4 quokkas
  5 ball pythons
  3 bats
  A frilled lizard (D:2)
  2 gnoll zombies (Ossuary)
  2 hobgoblin zombies (Ossuary)
  13 kobolds
  2 kobold zombies (Ossuary)
  2 orc zombies (Ossuary)
  4 rats
  2 briar patches (Swamp:2)
999 creatures vanquished.

Vanquished Creatures (collateral kills)
  Saint Roka (Orc:2)
  A thorn hunter (Swamp:2)
  3 hydras
  2 naga sharpshooters (Snake:3)
  3 elephants (Lair:1)
  2 black mambas
  A rime drake (Lair:3)
  A komodo dragon (Lair:1)
  A polar bear (Lair:5)
  2 yaks
  A basilisk (Lair:1)
  2 hell hounds (Lair:5)
  A black bear (Lair:5)
  A small abomination (Abyss:3)
  4 orcs (Orc:2)
26 creatures vanquished.

Vanquished Creatures (others)
  A bloated husk (Swamp:2)
  A naga (Snake:2)
  An orc priest (Orc:1)
  2 briar patches (Swamp:2)
  A demonic plant (Gauntlet)
  25 foxfires
  14 fungi
  38 plants
  18 withered plants (Gauntlet)
101 creatures vanquished.

Grand Total: 1126 creatures vanquished

Notes
Turn   | Place    | Note
-------+----------+-------------------------------------------
     0 | D:1      | qw the Minotaur Berserker began the quest for the Orb.
     0 | D:1      | Reached XP level 1. HP: 19/19 MP: 0/0
     0 | D:1      | 0 ||| qw: Version: 0.1-a-119-g272c26d
     0 | D:1      | 0 ||| qw: Game counter: 11165
     0 | D:1      | 0 ||| qw: Always use a shield: true
     0 | D:1      | 0 ||| qw: Do Orc after D:15 true
     0 | D:1      | 0 ||| qw: Do second Lair branch before Depths: true
     0 | D:1      | 0 ||| qw: Lair rune preference: random
     0 | D:1      | 0 ||| qw: Plans: Normal
     0 | D:1      | 0 ||| PLANNING D:1-11
    77 | D:1      | 77 ||| Stepping ~*~*~tactically~*~*~ (stealth).
    84 | D:1      | 84 ||| Stepping ~*~*~tactically~*~*~ (stealth).
    87 | D:1      | 87 ||| Stepping ~*~*~tactically~*~*~ (stealth).
    88 | D:1      | 88 ||| Stepping ~*~*~tactically~*~*~ (stealth).
   177 | D:1      | 177 ||| Stepping ~*~*~tactically~*~*~ (stealth).
   205 | D:1      | Reached XP level 2. HP: 24/26 MP: 1/1
   382 | D:1      | 382 ||| Stepping ~*~*~tactically~*~*~ (stealth).
   485 | D:1      | Found a faded altar of an unknown god.
   918 | D:1      | 918 ||| UPGRADING to +0 chain mail.
   928 | D:1      | 928 ||| DROPPING +0 animal skin.
   929 | D:1      | 929 ||| UPGRADING to +2 buckler.
   934 | D:1      | 934 ||| UPGRADING to amulet of the acrobat.
   939 | D:1      | 939 ||| UPGRADING to +6 ring of intelligence.
   940 | D:1      | 940 ||| UPGRADING to +4 ring of evasion.
   941 | D:1      | 941 ||| READING scroll labelled LUTHRAE PIHENKEFF.
   942 | D:1      | 942 ||| READING scroll labelled FIUKIA PEIG.
   943 | D:1      | 943 ||| READING 2 scrolls labelled UHEWUO HAOVULU.
   944 | D:1      | 944 ||| READING scroll labelled IFONWADGHUA.
   945 | D:1      | 945 ||| READING scroll labelled WEIQACW LIETOT.
   950 | D:1      | 950 ||| READING scroll labelled ROSEDI UQYIWIOTI.
   951 | D:1      | 951 ||| READING scroll labelled SAGIXK EWKUDU.
   951 | D:1      | Identified a scroll of acquirement
   951 | D:1      | 951 ||| ACQUIRING +0 pair of gloves of strength
   951 | D:1      | Acquired a +0 pair of gloves of strength
   953 | D:1      | 953 ||| UPGRADING to +0 pair of gloves of strength.
  1067 | D:2      | 1067 ||| Stepping ~*~*~tactically~*~*~ (stealth).
  1068 | D:2      | 1068 ||| Stepping ~*~*~tactically~*~*~ (stealth).
  1117 | D:2      | 1117 ||| DROPPING +0 whip.
  1191 | D:2      | Reached ** piety under Trog
  1192 | D:2      | Reached XP level 3. HP: 27/31 MP: 2/2
  1275 | D:2      | Reached skill level 1 in Shields
  1347 | D:2      | 1347 ||| Stepping ~*~*~tactically~*~*~ (stealth).
  1348 | D:2      | 1348 ||| Stepping ~*~*~tactically~*~*~ (stealth).
  1412 | D:2      | 1412 ||| Stepping ~*~*~tactically~*~*~ (stealth).
  1621 | D:2      | 1621 ||| UPGRADING to +0 pair of boots.
  1626 | D:2      | 1626 ||| READING scroll labelled KINIYS CAG MIT.
  1627 | D:2      | 1627 ||| READING 2 scrolls of identify.
  1627 | D:2      | 1627 ||| IDENTIFYING white potion
  1663 | D:3      | 1663 ||| PLANNING SEWER
  1680 | D:3      | Found a glowing silver altar of Zin.
  2043 | D:3      | Found an opulent altar of Gozag.
  2055 | D:3      | Reached XP level 4. HP: 39/39 MP: 3/3
  2090 | D:3      | 2090 ||| DROPPING +0 vorpal mace.
  2099 | D:3      | 2099 ||| Stepping ~*~*~tactically~*~*~ (stealth).
  2217 | D:3      | Reached skill level 6 in Axes
  2219 | D:3      | 2219 ||| INVOKING Berserk.
  2251 | D:3      | 2251 ||| RIP SEWER
  2330 | D:3      | 2330 ||| PLANNING D:1-11
  2343 | D:3      | Noticed Grinder
  2343 | D:3      | Paralysed by Grinder for 4 turns
  2347 | D:3      | 2347 ||| Stepping ~*~*~tactically~*~*~ (hiding).
  2351 | D:3      | 2351 ||| INVOKING Trog's Hand.
  2352 | D:3      | 2352 ||| INVOKING Berserk.
  2360 | D:3      | Killed Grinder
  2361 | D:3      | Reached XP level 5. HP: 45/45 MP: 4/4
  2361 | D:3      | Reached XP level 6. HP: 51/51 MP: 5/5
  2843 | D:3      | 2843 ||| READING scroll labelled BELAC FIJU.
  2844 | D:3      | 2844 ||| DRINKING 2 golden potions.
  2845 | D:3      | 2845 ||| READING 2 scrolls of identify.
  2845 | D:3      | 2845 ||| IDENTIFYING purple potion
  2846 | D:3      | 2846 ||| DROPPING potion of flight.
  2902 | D:4      | Reached skill level 4 in Fighting
  3072 | D:4      | Reached skill level 3 in Armour
  3139 | D:4      | 3139 ||| Stepping ~*~*~tactically~*~*~ (hiding).
  3140 | D:4      | 3140 ||| Stepping ~*~*~tactically~*~*~ (hiding).
  3141 | D:4      | 3141 ||| Stepping ~*~*~tactically~*~*~ (hiding).
  3563 | D:4      | 3563 ||| Stepping ~*~*~tactically~*~*~ (hiding).
  3564 | D:4      | 3564 ||| Stepping ~*~*~tactically~*~*~ (hiding).
  3569 | D:4      | 3569 ||| INVOKING Berserk.
  3571 | D:4      | Reached skill level 1 in Throwing
  3764 | D:4      | 3764 ||| Stepping ~*~*~tactically~*~*~ (hiding).
  3767 | D:4      | 3767 ||| INVOKING Berserk.
  3775 | D:4      | Reached XP level 7. HP: 60/60 MP: 6/6
  3950 | D:4      | 3950 ||| UPGRADING to +2 hat of stealth.
  3955 | D:4      | 3955 ||| READING 4 scrolls of identify.
  3955 | D:4      | 3955 ||| IDENTIFYING amethyst potion
  3956 | D:4      | 3956 ||| READING 3 scrolls of identify.
  3956 | D:4      | 3956 ||| IDENTIFYING puce potion
  3957 | D:4      | 3957 ||| READING 2 scrolls of identify.
  3957 | D:4      | 3957 ||| IDENTIFYING inky potion
  3958 | D:4      | 3958 ||| DROPPING potion of brilliance.
  3969 | D:5      | Entered Level 5 of the Dungeon
  4013 | D:5      | Found Fullirirr's Weapon Emporium.
  4021 | D:5      | 4021 ||| BUYING +1 war axe of electrocution (172 gold).
  4021 | D:5      | Bought a +1 war axe of electrocution for 172 gold pieces
  4021 | D:5      | 4021 ||| SHOPLISTING +3 broad axe of freezing (266 gold,
                  | have 57).
  4021 | D:5      | 4021 ||| SWAPPING to +1 war axe of electrocution.
  4022 | D:5      | 4022 ||| DROPPING +0 hand axe.
  4028 | D:5      | 4028 ||| INVOKING Berserk.
  4185 | D:5      | Reached skill level 9 in Axes
  4522 | D:5      | Reached skill level 3 in Shields
  4557 | D:5      | 4557 ||| INVOKING Berserk.
  4561 | D:5      | Reached skill level 5 in Fighting
  4701 | D:5      | 4701 ||| DRINKING potion of curing.
  4701 | D:5      | 4701 ||| (to cure confusion)
  4717 | D:5      | Reached XP level 8. HP: 68/68 MP: 7/7
  4733 | D:5      | Reached *** piety under Trog
  4752 | D:5      | 4752 ||| DROPPING +0 flail.
  4771 | D:5      | 4771 ||| INVOKING Berserk.
  4774 | D:5      | Reached skill level 6 in Fighting
  5043 | D:5      | 5043 ||| INVOKING Berserk.
  5197 | D:5      | Found a radiant altar of Vehumet.
  5466 | D:5      | 5466 ||| READING scroll labelled JOGIYN RIAFAZE.
  5467 | D:5      | 5467 ||| READING scroll labelled BYKIW NO NIFFI.
  5468 | D:5      | 5468 ||| READING scroll labelled NULASO KAPHYFE.
  5469 | D:5      | 5469 ||| READING 2 scrolls of identify.
  5469 | D:5      | 5469 ||| IDENTIFYING murky brown potion
  5470 | D:5      | 5470 ||| READING 2 scrolls of teleportation.
  5580 | D:6      | Found Lagges's Antique Armour Shoppe.
  5598 | D:6      | 5598 ||| INVOKING Berserk.
  5740 | D:6      | 5740 ||| INVOKING Berserk.
  5940 | D:6      | 5940 ||| INVOKING Berserk.
  6077 | D:6      | Found a shadowy altar of Dithmenos.
  6433 | D:6      | 6433 ||| READING 2 scrolls of identify.
  6433 | D:6      | 6433 ||| IDENTIFYING sapphire potion
  6457 | D:7      | 6457 ||| PLANNING OSSUARY
  6472 | D:7      | Found a shimmering altar of Xom.
  6499 | D:7      | Found a sand-covered staircase.
  6508 | Ossuary  | Entered an ossuary
  6675 | Ossuary  | 6675 ||| READING 2 scrolls of identify.
  6675 | Ossuary  | 6675 ||| IDENTIFYING murky inky potion
  6676 | Ossuary  | 6676 ||| DROPPING potion of degeneration.
  6699 | D:7      | 6699 ||| PLANNING D:1-11
  6713 | D:7      | 6713 ||| Stepping ~*~*~tactically~*~*~ (hiding).
  6830 | D:7      | Reached skill level 12 in Axes
  6830 | D:7      | Reached XP level 9. HP: 56/75 MP: 8/8
  6927 | D:7      | 6927 ||| INVOKING Berserk.
  7043 | D:7      | Found Furi's Antique Weapon Shoppe.
  7064 | D:7      | 7064 ||| BUYING glowing morningstar (203 gold).
  7064 | D:7      | Bought a glowing morningstar for 203 gold pieces
  7078 | D:7      | Reached skill level 7 in Fighting
  7098 | D:7      | 7098 ||| DROPPING +0 morningstar.
  7134 | D:7      | Found a staircase to the Ecumenical Temple.
  7294 | D:7      | Noticed Prince Ribbit
  7295 | D:7      | 7295 ||| INVOKING Berserk.
  7298 | D:7      | Killed Prince Ribbit
  7516 | D:7      | 7516 ||| DRINKING 2 lumpy cyan potions.
  7620 | D:7      | 7620 ||| READING 2 scrolls of identify.
  7620 | D:7      | 7620 ||| IDENTIFYING fuming white potion
  7621 | D:7      | 7621 ||| DROPPING potion of berserk rage.
  7622 | D:7      | 7622 ||| DROPPING potion of attraction.
  7636 | D:6      | 7636 ||| BUYING glowing scale mail (147 gold).
  7636 | D:6      | Bought a glowing scale mail for 147 gold pieces
  7636 | D:6      | 7636 ||| SHOPLISTING plate armour (483 gold, have 81).
  7636 | D:6      | 7636 ||| SHOPLISTING polished ring mail (189 gold, have
                  | 81).
  7636 | D:6      | 7636 ||| SHOPLISTING runed hat (147 gold, have 81).
  7647 | D:8      | Found a glowing golden altar of the Shining One.
  7649 | D:8      | 7649 ||| Stepping ~*~*~tactically~*~*~ (hiding).
  7653 | D:8      | 7653 ||| INVOKING Berserk.
  7781 | D:8      | Found an iron altar of Okawaru.
  7786 | D:8      | 7786 ||| INVOKING Berserk.
  7817 | D:8      | Reached skill level 8 in Fighting
  8031 | D:8      | 8031 ||| Stepping ~*~*~tactically~*~*~ (stealth).
  8037 | D:8      | 8037 ||| Stepping ~*~*~tactically~*~*~ (hiding).
  8037 | D:8      | Found a snail-covered altar of Cheibriados.
  8038 | D:8      | 8038 ||| Stepping ~*~*~tactically~*~*~ (hiding).
  8039 | D:8      | 8039 ||| Stepping ~*~*~tactically~*~*~ (hiding).
  8042 | D:8      | Reached **** piety under Trog
  8045 | D:8      | 8045 ||| INVOKING Berserk.
  8222 | D:8      | 8222 ||| Stepping ~*~*~tactically~*~*~ (hiding).
  8225 | D:8      | 8225 ||| INVOKING Berserk.
  8336 | D:8      | Found a transporter.
  8367 | D:8      | Noticed qw's ghost (novice GrBe)
  8507 | D:8      | 8507 ||| DROPPING +1 scale mail of fire resistance.
  8508 | D:8      | 8508 ||| UPGRADING to +0 plate armour.
  8518 | D:8      | 8518 ||| DROPPING +0 chain mail.
  8528 | D:9      | 8528 ||| Stepping ~*~*~tactically~*~*~ (hiding).
  8532 | D:9      | Noticed Erolcha
  8533 | D:9      | 8533 ||| INVOKING Trog's Hand.
  8534 | D:9      | 8534 ||| INVOKING Berserk.
  8536 | D:9      | Reached XP level 10. HP: 88/88 MP: 9/9
  8537 | D:9      | Killed Erolcha
  8542 | D:9      | Noticed Pikel
  8549 | D:9      | Killed Pikel
  8747 | D:9      | 8747 ||| INVOKING Berserk.
  8941 | D:9      | Reached skill level 15 in Axes
  8967 | D:9      | 8967 ||| FLEEEEING.
  8968 | D:9      | 8968 ||| FLEEEEING.
  8969 | D:9      | 8969 ||| FLEEEEING.
  8970 | D:9      | 8970 ||| FLEEEEING.
  8971 | D:9      | 8971 ||| FLEEEEING.
  8972 | D:9      | 8972 ||| FLEEEEING.
  8973 | D:9      | 8973 ||| STAIRDANCE
  9064 | D:9      | 9064 ||| STAIRDANCE
  9066 | D:8      | 9066 ||| INVOKING Berserk.
  9071 | D:8      | Reached skill level 3 in Dodging
  9193 | D:9      | 9193 ||| STAIRDANCE
  9262 | D:9      | 9262 ||| Stepping ~*~*~tactically~*~*~ (hiding).
  9279 | D:9      | 9279 ||| FLEEEEING.
  9280 | D:9      | 9280 ||| STAIRDANCE
  9321 | D:9      | 9321 ||| INVOKING Berserk.
  9447 | D:9      | Noticed Maurice
  9456 | D:9      | Killed Maurice
  9457 | D:9      | Reached skill level 9 in Fighting
  9510 | D:9      | Noticed Joseph
  9532 | D:9      | Killed Joseph
  9704 | D:9      | Identified the +7 long sword of the Enemy {vamp, *Noise
                  | rPois rC+++ Stlth+}
  9803 | D:9      | Found a hazy altar of Hepliaklqana.
  9842 | D:9      | 9842 ||| UPGRADING to +0 cloak of preservation.
  9912 | D:10     | Entered Level 10 of the Dungeon
  9964 | D:10     | Found a staircase to the Lair.
 10047 | D:10     | 10047 ||| Stepping ~*~*~tactically~*~*~ (hiding).
 10049 | D:10     | 10049 ||| Stepping ~*~*~tactically~*~*~ (hiding).
 10050 | D:10     | 10050 ||| Stepping ~*~*~tactically~*~*~ (hiding).
 10053 | D:10     | 10053 ||| INVOKING Berserk.
 10062 | D:10     | Reached skill level 3 in Throwing
 10240 | D:10     | 10240 ||| Stepping ~*~*~tactically~*~*~ (stealth).
 10251 | D:10     | 10251 ||| Stepping ~*~*~tactically~*~*~ (stealth).
 10257 | D:10     | 10257 ||| Stepping ~*~*~tactically~*~*~ (stealth).
 10267 | D:10     | 10267 ||| Stepping ~*~*~tactically~*~*~ (stealth).
 10271 | D:10     | Reached XP level 11. HP: 68/97 MP: 10/10
 10323 | D:10     | 10323 ||| Stepping ~*~*~tactically~*~*~ (stealth).
 10424 | D:10     | 10424 ||| Stepping ~*~*~tactically~*~*~ (hiding).
 10429 | D:10     | 10429 ||| Stepping ~*~*~tactically~*~*~ (stealth).
 10432 | D:10     | 10432 ||| INVOKING Berserk.
 10558 | D:10     | 10558 ||| Stepping ~*~*~tactically~*~*~ (stealth).
 10647 | D:10     | Found a staircase to the Orcish Mines.
 10709 | D:10     | Found Itinyum's Tremendous Tomes.
 10768 | D:10     | Found a stormy altar of Qazlal.
 10846 | D:10     | 10846 ||| PLANNING LAIR
 10846 | D:10     | 10846 ||| READING 3 scrolls of identify.
 10846 | D:10     | 10846 ||| IDENTIFYING fizzy silvery potion
 10847 | D:10     | 10847 ||| DROPPING potion of magic.
 10857 | Lair:1   | Entered Level 1 of the Lair of Beasts
 10860 | Lair:1   | 10860 ||| INVOKING Berserk.
 11136 | Lair:1   | 11136 ||| INVOKING Berserk.
 11137 | Lair:1   | Noticed a seven-headed hydra
 11139 | Lair:1   | Reached skill level 9 in Armour
 11143 | Lair:1   | Reached skill level 6 in Shields
 11148 | Lair:1   | 11148 ||| INVOKING Brothers in Arms.
 11151 | Lair:1   | 11151 ||| SWAPPING to +3 morningstar of holy wrath.
 11152 | Lair:1   | 11152 ||| Stepping ~*~*~tactically~*~*~ (outnumbered).
 11152 | Lair:1   | Killed a seven-headed hydra
 11153 | Lair:1   | Reached skill level 10 in Fighting
 11153 | Lair:1   | 11153 ||| SWAPPING to +1 war axe of electrocution.
 11162 | Lair:1   | 11162 ||| DRINKING 4 potions of cancellation.
 11725 | Lair:1   | 11725 ||| Stepping ~*~*~tactically~*~*~ (stealth).
 11834 | Lair:2   | 11834 ||| STAIRDANCE
 11836 | Lair:1   | 11836 ||| INVOKING Berserk.
 11981 | Lair:2   | 11981 ||| READING scroll of acquirement.
 11981 | Lair:2   | 11981 ||| ACQUIRING +1 broad axe of electrocution
 11981 | Lair:2   | Acquired a +1 broad axe of electrocution
 11983 | Lair:2   | 11983 ||| SWAPPING to +1 broad axe of electrocution.
 11984 | Lair:2   | 11984 ||| DROPPING +1 war axe of electrocution.
 12010 | Lair:2   | 12010 ||| INVOKING Berserk.
 12152 | Lair:2   | You fall into a shaft and drop 1 floor!
 12152 | Lair:3   | Found a staircase to the Snake Pit.
 12158 | Lair:3   | 12158 ||| INVOKING Berserk.
 12164 | Lair:3   | Reached XP level 12. HP: 108/108 MP: 11/11
 12227 | Lair:2   | 12227 ||| INVOKING Berserk.
 12261 | Lair:2   | 12261 ||| Stepping ~*~*~tactically~*~*~ (stealth).
 12262 | Lair:2   | 12262 ||| Stepping ~*~*~tactically~*~*~ (stealth).
 12353 | Lair:2   | 12353 ||| INVOKING Berserk.
 12495 | Lair:2   | 12495 ||| INVOKING Berserk.
 12619 | Lair:2   | Found a large runed translucent door.
 12620 | Lair:2   | Found a large runed translucent door.
 12623 | Lair:2   | Noticed qw's ghost (journeyman MiBe)
 12663 | Lair:2   | 12663 ||| INVOKING Berserk.
 12784 | Lair:2   | Found a broken altar of Ashenzari.
 12795 | Lair:2   | 12795 ||| Stepping ~*~*~tactically~*~*~ (stealth).
 12817 | Lair:2   | Reached skill level 18 in Axes
 12832 | Lair:2   | Reached skill level 11 in Fighting
 12954 | Lair:2   | 12954 ||| INVOKING Berserk.
 14141 | Lair:2   | HP: 22/110 [centaur/arrow (9)]
 14142 | Lair:2   | 14142 ||| READING 9 scrolls of teleportation.
 14143 | Lair:2   | 14143 ||| DRINKING 6 potions of heal wounds.
 14650 | Lair:3   | 14650 ||| Stepping ~*~*~tactically~*~*~ (stealth).
 14652 | Lair:3   | 14652 ||| Stepping ~*~*~tactically~*~*~ (stealth).
 14653 | Lair:3   | 14653 ||| INVOKING Berserk.
 14690 | Lair:3   | 14690 ||| Stepping ~*~*~tactically~*~*~ (stealth).
 14691 | Lair:3   | 14691 ||| Stepping ~*~*~tactically~*~*~ (stealth).
 14741 | Lair:3   | 14741 ||| Stepping ~*~*~tactically~*~*~ (stealth).
 14742 | Lair:3   | 14742 ||| Stepping ~*~*~tactically~*~*~ (stealth).
 14750 | Lair:3   | 14750 ||| Stepping ~*~*~tactically~*~*~ (stealth).
 14797 | Lair:3   | 14797 ||| Stepping ~*~*~tactically~*~*~ (stealth).
 14798 | Lair:3   | 14798 ||| Stepping ~*~*~tactically~*~*~ (stealth).
 14828 | Lair:3   | Reached ***** piety under Trog
 15029 | Lair:3   | Reached skill level 12 in Fighting
 15061 | Lair:3   | 15061 ||| READING scroll of acquirement.
 15061 | Lair:3   | 15061 ||| ACQUIRING +0 pair of gloves of Xom's Benevolence
                  | {rPois rF+ Int-5}
 15061 | Lair:3   | Acquired the +0 pair of gloves of Xom's Benevolence {rPois
                  | rF+ Int-5}
 15063 | Lair:3   | 15063 ||| UPGRADING to +0 pair of gloves of Xom's
                  | Benevolence {rPois rF+ Int-5}.
 15125 | Lair:3   | 15125 ||| INVOKING Brothers in Arms.
 15131 | Lair:3   | 15131 ||| INVOKING Berserk.
 15335 | Lair:3   | 15335 ||| INVOKING Berserk.
 15511 | Lair:3   | Found a staircase to the Swamp.
 15516 | Lair:3   | 15516 ||| Stepping ~*~*~tactically~*~*~ (water).
 15722 | Lair:4   | 15722 ||| INVOKING Berserk.
 15840 | Lair:4   | 15840 ||| INVOKING Berserk.
 15956 | Lair:4   | 15956 ||| INVOKING Berserk.
 15970 | Lair:4   | 15970 ||| FLEEEEING.
 15971 | Lair:4   | 15971 ||| STAIRDANCE
 16088 | Lair:4   | 16088 ||| DRINKING 4 potions of cancellation.
 16110 | Lair:4   | 16110 ||| Stepping ~*~*~tactically~*~*~ (stealth).
 16123 | Lair:4   | 16123 ||| Stepping ~*~*~tactically~*~*~ (stealth).
 16126 | Lair:4   | Reached XP level 13. HP: 111/118 MP: 12/12
 16277 | Lair:4   | Found a viscous altar of Jiyva.
 16279 | Lair:4   | 16279 ||| FLEEEEING.
 16327 | Lair:4   | 16327 ||| FLEEEEING.
 16377 | Lair:4   | Found a staircase to the Slime Pits.
 16382 | Lair:4   | 16382 ||| INVOKING Berserk.
 16624 | Lair:4   | 16624 ||| DRINKING 3 potions of cancellation.
 16630 | Lair:4   | Reached skill level 12 in Armour
 16661 | Lair:4   | 16661 ||| INVOKING Brothers in Arms.
 16662 | Lair:4   | 16662 ||| SWAPPING to +3 morningstar of holy wrath.
 16663 | Lair:4   | 16663 ||| INVOKING Berserk.
 16676 | Lair:4   | 16676 ||| SWAPPING to +1 broad axe of electrocution.
 16888 | Lair:4   | 16888 ||| INVOKING Berserk.
 17449 | Lair:5   | Entered Level 5 of the Lair of Beasts
 17460 | Lair:5   | 17460 ||| Stepping ~*~*~tactically~*~*~ (stealth).
 17463 | Lair:5   | 17463 ||| Stepping ~*~*~tactically~*~*~ (stealth).
 17468 | Lair:5   | 17468 ||| Stepping ~*~*~tactically~*~*~ (stealth).
 17471 | Lair:5   | 17471 ||| Stepping ~*~*~tactically~*~*~ (stealth).
 17479 | Lair:5   | Reached skill level 13 in Fighting
 17576 | Lair:5   | 17576 ||| Stepping ~*~*~tactically~*~*~ (stealth).
 17577 | Lair:5   | 17577 ||| INVOKING Brothers in Arms.
 17578 | Lair:5   | 17578 ||| INVOKING Brothers in Arms.
 17579 | Lair:5   | 17579 ||| SWAPPING to +3 morningstar of holy wrath.
 17580 | Lair:5   | 17580 ||| INVOKING Berserk.
 17690 | Lair:5   | 17690 ||| SWAPPING to +1 broad axe of electrocution.
 17707 | Lair:5   | 17707 ||| Stepping ~*~*~tactically~*~*~ (stealth).
 17713 | Lair:5   | 17713 ||| Stepping ~*~*~tactically~*~*~ (stealth).
 17728 | Lair:5   | 17728 ||| INVOKING Brothers in Arms.
 17729 | Lair:5   | 17729 ||| INVOKING Brothers in Arms.
 17730 | Lair:5   | 17730 ||| INVOKING Brothers in Arms.
 17731 | Lair:5   | 17731 ||| SWAPPING to +3 morningstar of holy wrath.
 17732 | Lair:5   | 17732 ||| INVOKING Berserk.
 17735 | Lair:5   | Reached skill level 9 in Shields
 17751 | Lair:5   | 17751 ||| SWAPPING to +1 broad axe of electrocution.
 17882 | Lair:5   | Noticed Snorg
 17887 | Lair:5   | 17887 ||| INVOKING Berserk.
 17892 | Lair:5   | Killed Snorg
 18130 | Lair:5   | 18130 ||| Stepping ~*~*~tactically~*~*~ (hiding).
 18157 | Lair:5   | 18157 ||| Stepping ~*~*~tactically~*~*~ (stealth).
 18177 | Lair:5   | 18177 ||| Stepping ~*~*~tactically~*~*~ (stealth).
 18179 | Lair:5   | 18179 ||| Stepping ~*~*~tactically~*~*~ (stealth).
 18182 | Lair:5   | 18182 ||| Stepping ~*~*~tactically~*~*~ (stealth).
 18192 | Lair:5   | 18192 ||| INVOKING Brothers in Arms.
 18195 | Lair:5   | 18195 ||| INVOKING Brothers in Arms.
 18196 | Lair:5   | 18196 ||| INVOKING Brothers in Arms.
 18198 | Lair:5   | 18198 ||| INVOKING Brothers in Arms.
 18199 | Lair:5   | 18199 ||| INVOKING Brothers in Arms.
 18200 | Lair:5   | 18200 ||| SWAPPING to +3 morningstar of holy wrath.
 18201 | Lair:5   | 18201 ||| INVOKING Berserk.
 18225 | Lair:5   | 18225 ||| Stepping ~*~*~tactically~*~*~ (outnumbered).
 18226 | Lair:5   | 18226 ||| SWAPPING to +1 broad axe of electrocution.
 18228 | Lair:5   | 18228 ||| SWAPPING to +3 morningstar of holy wrath.
 18229 | Lair:5   | 18229 ||| Stepping ~*~*~tactically~*~*~ (outnumbered).
 18230 | Lair:5   | 18230 ||| Stepping ~*~*~tactically~*~*~ (hiding).
 18231 | Lair:5   | 18231 ||| SWAPPING to +1 broad axe of electrocution.
 18235 | Lair:5   | 18235 ||| INVOKING Brothers in Arms.
 18236 | Lair:5   | 18236 ||| INVOKING Brothers in Arms.
 18237 | Lair:5   | 18237 ||| INVOKING Brothers in Arms.
 18238 | Lair:5   | 18238 ||| INVOKING Brothers in Arms.
 18238 | Lair:5   | HP: 27/123 [raiju/living lightning (10)]
 18239 | Lair:5   | 18239 ||| READING 8 scrolls of teleportation.
 18239 | Lair:5   | HP: 12/123 [six-headed hydra (6)]
 18240 | Lair:5   | 18240 ||| DRINKING 6 potions of heal wounds.
 18241 | Lair:5   | 18241 ||| DRINKING 5 potions of heal wounds.
 18242 | Lair:5   | 18242 ||| SWAPPING to +3 morningstar of holy wrath.
 18243 | Lair:5   | 18243 ||| SWAPPING to +1 broad axe of electrocution.
 18579 | Lair:5   | 18579 ||| Stepping ~*~*~tactically~*~*~ (stealth).
 18582 | Lair:5   | 18582 ||| Stepping ~*~*~tactically~*~*~ (stealth).
 18585 | Lair:5   | 18585 ||| Stepping ~*~*~tactically~*~*~ (hiding).
 18589 | Lair:5   | 18589 ||| INVOKING Berserk.
 18607 | Lair:5   | Reached skill level 6 in Throwing
 18651 | Lair:5   | 18651 ||| Stepping ~*~*~tactically~*~*~ (stealth).
 18691 | Lair:5   | 18691 ||| Stepping ~*~*~tactically~*~*~ (hiding).
 18697 | Lair:5   | 18697 ||| INVOKING Brothers in Arms.
 18698 | Lair:5   | 18698 ||| INVOKING Brothers in Arms.
 18699 | Lair:5   | 18699 ||| INVOKING Brothers in Arms.
 18700 | Lair:5   | 18700 ||| INVOKING Brothers in Arms.
 18701 | Lair:5   | 18701 ||| INVOKING Brothers in Arms.
 18702 | Lair:5   | 18702 ||| INVOKING Brothers in Arms.
 18703 | Lair:5   | 18703 ||| INVOKING Brothers in Arms.
 18704 | Lair:5   | 18704 ||| INVOKING Brothers in Arms.
 18705 | Lair:5   | 18705 ||| INVOKING Brothers in Arms.
 18706 | Lair:5   | 18706 ||| INVOKING Brothers in Arms.
 18707 | Lair:5   | 18707 ||| INVOKING Brothers in Arms.
 18708 | Lair:5   | 18708 ||| SWAPPING to +3 morningstar of holy wrath.
 18709 | Lair:5   | 18709 ||| INVOKING Berserk.
 18711 | Lair:5   | Reached skill level 14 in Fighting
 18722 | Lair:5   | 18722 ||| SWAPPING to +1 broad axe of electrocution.
 18744 | Lair:5   | 18744 ||| Stepping ~*~*~tactically~*~*~ (stealth).
 18745 | Lair:5   | 18745 ||| Stepping ~*~*~tactically~*~*~ (stealth).
 18746 | Lair:5   | 18746 ||| Stepping ~*~*~tactically~*~*~ (stealth).
 18962 | Lair:5   | 18962 ||| Stepping ~*~*~tactically~*~*~ (stealth).
 18964 | Lair:5   | 18964 ||| Stepping ~*~*~tactically~*~*~ (hiding).
 19089 | Lair:5   | 19089 ||| Stepping ~*~*~tactically~*~*~ (hiding).
 19092 | Lair:5   | 19092 ||| Stepping ~*~*~tactically~*~*~ (hiding).
 19111 | Lair:5   | 19111 ||| Stepping ~*~*~tactically~*~*~ (stealth).
 19327 | Lair:5   | 19327 ||| INVOKING Berserk.
 19345 | Lair:5   | 19345 ||| Stepping ~*~*~tactically~*~*~ (water).
 19455 | Lair:5   | Noticed a fire dragon
 19459 | Lair:5   | 19459 ||| INVOKING Berserk.
 19472 | Lair:5   | Reached skill level 15 in Fighting
 19473 | Lair:5   | Killed a fire dragon
 19474 | Lair:5   | Reached XP level 14. HP: 135/135 MP: 13/13
 19481 | Lair:5   | 19481 ||| Stepping ~*~*~tactically~*~*~ (water).
 19889 | Lair:5   | 19889 ||| PLANNING D:1-11
 19889 | Lair:5   | 19889 ||| DROPPING +2 hat.
 19890 | Lair:5   | 19890 ||| READING scroll labelled CUHUT WEHIR.
 19891 | Lair:5   | 19891 ||| DRINKING 2 glowing pink potions.
 19917 | Lair:5   | 19917 ||| DROPPING potion of lignification.
 20058 | D:11     | 20058 ||| Stepping ~*~*~tactically~*~*~ (hiding).
 20299 | D:11     | 20299 ||| INVOKING Brothers in Arms.
 20300 | D:11     | 20300 ||| SWAPPING to +3 morningstar of holy wrath.
 20302 | D:11     | 20302 ||| INVOKING Berserk.
 20317 | D:11     | 20317 ||| SWAPPING to +1 broad axe of electrocution.
 20340 | D:11     | 20340 ||| Stepping ~*~*~tactically~*~*~ (stealth).
 20418 | D:11     | 20418 ||| Stepping ~*~*~tactically~*~*~ (stealth).
 20420 | D:11     | 20420 ||| Stepping ~*~*~tactically~*~*~ (stealth).
 20433 | D:11     | 20433 ||| Stepping ~*~*~tactically~*~*~ (stealth).
 20436 | D:11     | 20436 ||| Stepping ~*~*~tactically~*~*~ (stealth).
 20438 | D:11     | 20438 ||| Stepping ~*~*~tactically~*~*~ (stealth).
 20463 | D:11     | Noticed Josephine
 20464 | D:11     | 20464 ||| Stepping ~*~*~tactically~*~*~ (stealth).
 20466 | D:11     | 20466 ||| Stepping ~*~*~tactically~*~*~ (hiding).
 20476 | D:11     | Killed Josephine
 20573 | D:11     | Reached skill level 6 in Dodging
 20744 | D:11     | Noticed Urug
 20747 | D:11     | 20747 ||| FLEEEEING.
 20756 | D:11     | 20756 ||| INVOKING Berserk.
 20763 | D:11     | Killed Urug
 21029 | D:11     | Found a runed translucent gate.
 21029 | D:11     | Found a runed translucent gate.
 21029 | D:11     | Found a runed translucent gate.
 21031 | D:11     | Noticed qw's ghost (journeyman GrFi)
 21195 | D:11     | 21195 ||| PLANNING D
 21195 | D:11     | 21195 ||| UPGRADING to +1 cloak of poison resistance.
 21205 | D:11     | 21205 ||| DROPPING +0 cloak of preservation.
 21206 | D:11     | 21206 ||| DROPPING ring of ice.
 21307 | D:12     | 21307 ||| INVOKING Brothers in Arms.
 21308 | D:12     | 21308 ||| INVOKING Brothers in Arms.
 21309 | D:12     | 21309 ||| INVOKING Brothers in Arms.
 21310 | D:12     | 21310 ||| INVOKING Brothers in Arms.
 21311 | D:12     | 21311 ||| INVOKING Brothers in Arms.
 21312 | D:12     | 21312 ||| INVOKING Brothers in Arms.
 21313 | D:12     | 21313 ||| SWAPPING to +3 morningstar of holy wrath.
 21314 | D:12     | 21314 ||| INVOKING Berserk.
 21328 | D:12     | 21328 ||| SWAPPING to +1 broad axe of electrocution.
 21447 | D:12     | 21447 ||| INVOKING Berserk.
 21613 | D:12     | Found a runed translucent gate.
 21615 | D:12     | Found a runed translucent gate.
 21615 | D:12     | Found an opulent altar of Gozag.
 21715 | D:12     | Noticed a tengu reaver
 21716 | D:12     | 21716 ||| Stepping ~*~*~tactically~*~*~ (hiding).
 21719 | D:12     | 21719 ||| INVOKING Berserk.
 21731 | D:12     | Killed a tengu reaver
 21868 | D:12     | Found a runed translucent gate.
 21869 | D:12     | Found Uzeip's Assorted Antiques.
 21869 | D:12     | Noticed Plog's ghost (journeyman DgVM)
 21961 | D:12     | 21961 ||| INVOKING Berserk.
 22059 | D:12     | 22059 ||| INVOKING Berserk.
 22372 | D:12     | 22372 ||| Stepping ~*~*~tactically~*~*~ (stealth).
 22375 | D:12     | 22375 ||| INVOKING Berserk.
 22821 | D:12     | 22821 ||| Stepping ~*~*~tactically~*~*~ (hiding).
 22826 | D:12     | 22826 ||| DRINKING 2 potions of cancellation.
 22829 | D:12     | 22829 ||| DRINKING potion of cancellation.
 23286 | D:13     | Found Xecowiwk's Magic Scroll Emporium.
 23299 | D:13     | 23299 ||| BUYING scroll of identify (24 gold).
 23299 | D:13     | Bought a scroll of identify for 24 gold pieces
 23299 | D:13     | 23299 ||| BUYING scroll of identify (24 gold).
 23299 | D:13     | Bought a scroll of identify for 24 gold pieces
 23396 | D:13     | Reached skill level 16 in Fighting
 23509 | D:13     | 23509 ||| INVOKING Berserk.
 24034 | D:14     | 24034 ||| PLANNING GAUNTLET
 24039 | D:14     | 24039 ||| FLEEEEING.
 24040 | D:14     | 24040 ||| FLEEEEING.
 24041 | D:14     | 24041 ||| FLEEEEING.
 24042 | D:14     | 24042 ||| STAIRDANCE
 24121 | D:14     | 24121 ||| STAIRDANCE
 24315 | D:14     | Found a runed translucent gate.
 24315 | D:14     | Found a runed translucent gate.
 24315 | D:14     | Found a runed translucent gate.
 24324 | D:14     | 24324 ||| SWAPPING to +3 morningstar of holy wrath.
 24326 | D:14     | 24326 ||| INVOKING Berserk.
 24340 | D:14     | 24340 ||| SWAPPING to +1 broad axe of electrocution.
 24527 | D:14     | 24527 ||| READING scroll of enchant armour.
 24527 | D:14     | 24527 ||| ENCHANTING +0 pair of boots.
 24534 | D:14     | Found a gate leading to a gauntlet.
 24564 | Gauntlet | Entered a Gauntlet
 24564 | Gauntlet | Found a transporter.
 24564 | Gauntlet | Found a transporter.
 24568 | Gauntlet | Found a transporter.
 24568 | Gauntlet | Found a transporter.
 24569 | Gauntlet | Found a transporter.
 24578 | Gauntlet | Found a transporter.
 24593 | Gauntlet | Found a transporter.
 24600 | Gauntlet | Found a transporter.
 24617 | Gauntlet | Found a transporter.
 24625 | Gauntlet | Found a transporter.
 24643 | Gauntlet | Found a transporter.
 24695 | Gauntlet | Found a transporter.
 24766 | Gauntlet | 24766 ||| INVOKING Berserk.
 24801 | Gauntlet | Reached skill level 15 in Armour
 24924 | Gauntlet | 24924 ||| UPGRADING to scarf of resistance.
 24939 | Gauntlet | 24939 ||| Stepping randomly (stuck).
 24949 | Gauntlet | 24949 ||| Stepping randomly (stuck).
 24950 | Gauntlet | 24950 ||| Stepping randomly (stuck).
 24951 | Gauntlet | 24951 ||| Stepping randomly (stuck).
 24952 | Gauntlet | 24952 ||| Stepping randomly (stuck).
 24953 | Gauntlet | 24953 ||| Stepping randomly (stuck).
 24955 | Gauntlet | 24955 ||| Stepping randomly (stuck).
 24956 | Gauntlet | 24956 ||| Stepping randomly (stuck).
 24969 | Gauntlet | 24969 ||| READING scroll of enchant armour.
 24969 | Gauntlet | 24969 ||| ENCHANTING +1 pair of boots.
 24988 | Gauntlet | 24988 ||| Stepping ~*~*~tactically~*~*~ (stealth).
 24989 | Gauntlet | 24989 ||| INVOKING Berserk.
 25102 | Gauntlet | 25102 ||| DROPPING +4 ring of slaying {mikee}.
 25134 | D:14     | 25134 ||| PLANNING D
 25220 | D:14     | 25220 ||| INVOKING Berserk.
 25242 | D:14     | Found a gate to the Vaults.
 25573 | D:14     | 25573 ||| INVOKING Berserk.
 25580 | D:14     | Reached skill level 17 in Fighting
 26031 | D:14     | Noticed a frost giant
 26031 | D:14     | Noticed Ytheofip's ghost (journeyman FoFi)
 26056 | D:14     | 26056 ||| READING scroll labelled XUNUECH JEGAO.
 26057 | D:14     | 26057 ||| DROPPING +3 morningstar of holy wrath.
 26068 | D:15     | Entered Level 15 of the Dungeon
 26084 | D:15     | 26084 ||| READING scroll of brand weapon.
 26084 | D:15     | 26084 ||| BRANDING +1 broad axe of flaming.
 26147 | D:15     | 26147 ||| INVOKING Berserk.
 26154 | D:15     | Reached XP level 15. HP: 147/147 MP: 14/14
 26295 | D:15     | Noticed Roxanne
 26300 | D:15     | 26300 ||| INVOKING Berserk.
 26310 | D:15     | Killed Roxanne
 26387 | D:15     | 26387 ||| Stepping ~*~*~tactically~*~*~ (hiding).
 26388 | D:15     | 26388 ||| Stepping ~*~*~tactically~*~*~ (hiding).
 26390 | D:15     | 26390 ||| Stepping ~*~*~tactically~*~*~ (hiding).
 26393 | D:15     | 26393 ||| Stepping ~*~*~tactically~*~*~ (hiding).
 26745 | D:15     | 26745 ||| Stepping ~*~*~tactically~*~*~ (hiding).
 26746 | D:15     | 26746 ||| INVOKING Trog's Hand.
 26748 | D:15     | 26748 ||| INVOKING Berserk.
 26864 | D:15     | Found a staircase to the Depths.
 26866 | D:15     | 26866 ||| Stepping ~*~*~tactically~*~*~ (hiding).
 27065 | D:15     | 27065 ||| READING scroll of brand weapon.
 27065 | D:15     | 27065 ||| BRANDING +1 broad axe of draining.
 27199 | D:15     | 27199 ||| PLANNING ORC
 27304 | Orc:1    | Entered Level 1 of the Orcish Mines
 27313 | Orc:1    | 27313 ||| INVOKING Trog's Hand.
 27327 | Orc:1    | 27327 ||| INVOKING Berserk.
 27543 | Orc:1    | You fall into a shaft and drop 1 floor!
 27543 | Orc:2    | Entered Level 2 of the Orcish Mines
 27553 | Orc:2    | 27553 ||| Stepping ~*~*~tactically~*~*~ (hiding).
 27554 | Orc:2    | 27554 ||| INVOKING Trog's Hand.
 27558 | Orc:2    | Found Xeihon's Distillery.
 27559 | Orc:2    | 27559 ||| INVOKING Berserk.
 27570 | Orc:2    | Found Ziuta's Weapon Emporium.
 27570 | Orc:2    | Found Innoix's Antique Weapon Shop.
 27570 | Orc:2    | Found Ipenol's Jewellery Emporium.
 27570 | Orc:2    | Noticed Nessos
 27576 | Orc:2    | Reached skill level 18 in Fighting
 27582 | Orc:2    | Killed Nessos
 27734 | Orc:2    | 27734 ||| BUYING +0 vampiric demon whip (752 gold).
 27734 | Orc:2    | Bought a +0 vampiric demon whip for 752 gold pieces
 27734 | Orc:2    | 27734 ||| DROPPING +0 flail.
 27736 | Orc:2    | 27736 ||| BUYING potion of curing (30 gold).
 27736 | Orc:2    | Bought a potion of curing for 30 gold pieces
 27736 | Orc:2    | 27736 ||| BUYING potion of curing (30 gold).
 27736 | Orc:2    | Bought a potion of curing for 30 gold pieces
 27736 | Orc:2    | 27736 ||| BUYING potion of curing (30 gold).
 27736 | Orc:2    | Bought a potion of curing for 30 gold pieces
 27736 | Orc:2    | 27736 ||| BUYING potion of curing (30 gold).
 27736 | Orc:2    | Bought a potion of curing for 30 gold pieces
 27736 | Orc:2    | 27736 ||| BUYING potion of might (40 gold).
 27736 | Orc:2    | Bought a potion of might for 40 gold pieces
 27736 | Orc:2    | 27736 ||| BUYING potion of resistance (100 gold).
 27736 | Orc:2    | Bought a potion of resistance for 100 gold pieces
 27737 | Orc:2    | 27737 ||| BUYING amulet "Ennatzuk" {Faith Rampage Regen+
                  | Int+3 Stlth-} (778 gold).
 27737 | Orc:2    | Bought the amulet "Ennatzuk" {Faith Rampage Regen+ Int+3
                  | Stlth-} for 778 gold pieces
 27738 | Orc:2    | 27738 ||| SHOPLISTING runed war axe (123 gold, have 30).
 27748 | Orc:2    | 27748 ||| DRINKING 14 potions of curing.
 27748 | Orc:2    | 27748 ||| (to cure confusion)
 27768 | Orc:2    | Received a gift from Trog
 27808 | Orc:2    | 27808 ||| INVOKING Trog's Hand.
 27811 | Orc:2    | 27811 ||| INVOKING Berserk.
 27937 | Orc:2    | 27937 ||| INVOKING Berserk.
 28024 | Orc:2    | Found a staircase to the Elven Halls.
 28030 | Orc:2    | 28030 ||| INVOKING Berserk.
 28194 | Orc:2    | Noticed Saint Roka
 28195 | Orc:2    | 28195 ||| INVOKING Brothers in Arms.
 28202 | Orc:2    | 28202 ||| INVOKING Berserk.
 28205 | Orc:2    | Reached skill level 9 in Throwing
 28213 | Orc:2    | Killed Saint Roka
 28572 | Orc:2    | 28572 ||| Stepping ~*~*~tactically~*~*~ (stealth).
 28573 | Orc:2    | 28573 ||| Stepping ~*~*~tactically~*~*~ (stealth).
 28591 | Orc:2    | 28591 ||| Stepping ~*~*~tactically~*~*~ (hiding).
 28594 | Orc:2    | 28594 ||| INVOKING Berserk.
 28945 | Orc:2    | 28945 ||| DROPPING amulet of guardian spirit.
 28990 | Orc:1    | 28990 ||| Stepping ~*~*~tactically~*~*~ (hiding).
 28993 | Orc:1    | 28993 ||| INVOKING Trog's Hand.
 28994 | Orc:1    | 28994 ||| INVOKING Berserk.
 29678 | Orc:2    | 29678 ||| Stepping ~*~*~tactically~*~*~ (stealth).
 29769 | Orc:2    | Noticed Jorgrun
 29770 | Orc:2    | 29770 ||| Stepping ~*~*~tactically~*~*~ (hiding).
 29774 | Orc:2    | 29774 ||| INVOKING Berserk.
 29784 | Orc:2    | Killed Jorgrun
 30080 | Orc:2    | 30080 ||| PLANNING SNAKE:1-3
 30189 | Snake:1  | Entered Level 1 of the Snake Pit
 30192 | Snake:1  | 30192 ||| INVOKING Berserk.
 30321 | Snake:1  | 30321 ||| Stepping ~*~*~tactically~*~*~ (hiding).
 30322 | Snake:1  | 30322 ||| Stepping ~*~*~tactically~*~*~ (hiding).
 30324 | Snake:1  | Noticed Aizul
 30325 | Snake:1  | 30325 ||| INVOKING Trog's Hand.
 30326 | Snake:1  | 30326 ||| INVOKING Berserk.
 30335 | Snake:1  | Killed Aizul
 30640 | Snake:1  | 30640 ||| Stepping ~*~*~tactically~*~*~ (stealth).
 30642 | Snake:1  | 30642 ||| Stepping ~*~*~tactically~*~*~ (stealth).
 30652 | Snake:1  | Reached XP level 16. HP: 159/159 MP: 15/15
 30658 | Snake:1  | Reached skill level 19 in Fighting
 30759 | Snake:1  | 30759 ||| Stepping ~*~*~tactically~*~*~ (hiding).
 30843 | Snake:1  | 30843 ||| Stepping ~*~*~tactically~*~*~ (stealth).
 30849 | Snake:1  | 30849 ||| Stepping ~*~*~tactically~*~*~ (hiding).
 30858 | Snake:1  | 30858 ||| Stepping ~*~*~tactically~*~*~ (stealth).
 30860 | Snake:1  | 30860 ||| INVOKING Berserk.
 31277 | Snake:1  | 31277 ||| DROPPING ring of see invisible.
 31329 | Snake:2  | 31329 ||| Stepping ~*~*~tactically~*~*~ (hiding).
 31375 | Snake:2  | 31375 ||| Stepping ~*~*~tactically~*~*~ (hiding).
 31607 | Snake:2  | 31607 ||| INVOKING Berserk.
 31614 | Snake:2  | HP: 59/240 [poisoned by a naga ritualist (toxic radiance)]
 31617 | Snake:2  | HP: 28/240 [poisoned by a naga ritualist (splash of
                  | poison)]
 31620 | Snake:2  | HP: 13/160 [poisoned by a naga ritualist (splash of
                  | poison)]
 31622 | Snake:2  | 31622 ||| FLEEEEING.
 31624 | Snake:2  | 31624 ||| FLEEEEING.
 31627 | Snake:2  | 31627 ||| Stepping ~*~*~tactically~*~*~ (hiding).
 31628 | Snake:2  | 31628 ||| READING 10 scrolls of teleportation.
 31629 | Snake:2  | 31629 ||| DRINKING 6 potions of heal wounds.
 31649 | Snake:2  | 31649 ||| READING 9 scrolls of teleportation.
 31650 | Snake:2  | 31650 ||| DRINKING 5 potions of heal wounds.
 31654 | Snake:2  | 31654 ||| INVOKING Brothers in Arms.
 31654 | Snake:2  | HP: 33/160 [shock serpent/bolt of electricity (26)]
 31655 | Snake:2  | 31655 ||| READING 8 scrolls of teleportation.
 31655 | Snake:2  | HP: 11/160 [shock serpent/bolt of electricity (18)]
 31655 | Snake:2  | HP: 5/160 [constriction (2)]
 31656 | Snake:2  | 31656 ||| DRINKING 4 potions of heal wounds.
 31657 | Snake:2  | 31657 ||| FLEEEEING.
 31660 | Snake:2  | 31660 ||| FLEEEEING.
 31661 | Snake:2  | 31661 ||| FLEEEEING.
 31662 | Snake:2  | 31662 ||| FLEEEEING.
 31663 | Snake:2  | 31663 ||| FLEEEEING.
 31668 | Snake:2  | 31668 ||| STAIRDANCE
 32040 | Snake:2  | 32040 ||| Stepping ~*~*~tactically~*~*~ (stealth).
 32054 | Snake:2  | Reached skill level 9 in Dodging
 32065 | Snake:2  | 32065 ||| Stepping ~*~*~tactically~*~*~ (hiding).
 32066 | Snake:2  | 32066 ||| Stepping ~*~*~tactically~*~*~ (hiding).
 32087 | Snake:2  | 32087 ||| INVOKING Berserk.
 32095 | Snake:2  | HP: 52/240 [salamander tyrant (13)]
 32146 | Snake:2  | 32146 ||| Stepping ~*~*~tactically~*~*~ (stealth).
 32157 | Snake:2  | 32157 ||| INVOKING Berserk.
 32254 | Snake:2  | 32254 ||| Stepping ~*~*~tactically~*~*~ (stealth).
 32256 | Snake:2  | 32256 ||| Stepping ~*~*~tactically~*~*~ (stealth).
 32266 | Snake:2  | 32266 ||| INVOKING Berserk.
 32621 | Snake:2  | Reached skill level 12 in Shields
 32862 | Snake:2  | 32862 ||| FLEEEEING.
 32864 | Snake:2  | 32864 ||| FLEEEEING.
 32865 | Snake:2  | 32865 ||| FLEEEEING.
 32866 | Snake:2  | 32866 ||| FLEEEEING.
 32867 | Snake:2  | 32867 ||| FLEEEEING.
 32868 | Snake:2  | 32868 ||| STAIRDANCE
 33128 | Snake:2  | Found a runed translucent door.
 33135 | Snake:2  | 33135 ||| Stepping ~*~*~tactically~*~*~ (stealth).
 33136 | Snake:2  | 33136 ||| Stepping ~*~*~tactically~*~*~ (stealth).
 33164 | Snake:2  | 33164 ||| Stepping ~*~*~tactically~*~*~ (stealth).
 33289 | Snake:2  | 33289 ||| Stepping ~*~*~tactically~*~*~ (hiding).
 33324 | Snake:2  | 33324 ||| INVOKING Berserk.
 33361 | Snake:2  | 33361 ||| Stepping ~*~*~tactically~*~*~ (stealth).
 33362 | Snake:2  | 33362 ||| Stepping ~*~*~tactically~*~*~ (stealth).
 33394 | Snake:2  | 33394 ||| INVOKING Berserk.
 33400 | Snake:2  | Reached skill level 20 in Fighting
 33588 | Snake:2  | 33588 ||| Stepping ~*~*~tactically~*~*~ (stealth).
 33590 | Snake:2  | 33590 ||| INVOKING Berserk.
 33788 | Snake:2  | You fall into a shaft and drop 1 floor!
 33790 | Snake:3  | 33790 ||| Stepping ~*~*~tactically~*~*~ (hiding).
 33794 | Snake:3  | 33794 ||| Stepping ~*~*~tactically~*~*~ (hiding).
 33797 | Snake:3  | 33797 ||| INVOKING Berserk.
 33814 | Snake:3  | 33814 ||| INVOKING Brothers in Arms.
 33867 | Snake:3  | 33867 ||| UPGRADING to +0 kite shield.
 33877 | Snake:3  | 33877 ||| DROPPING +2 buckler.
 33878 | Snake:3  | 33878 ||| DROPPING +6 ring of strength.
 33939 | Snake:3  | 33939 ||| INVOKING Berserk.
 34254 | Snake:2  | 34254 ||| Stepping ~*~*~tactically~*~*~ (hiding).
 34413 | Snake:2  | 34413 ||| Stepping ~*~*~tactically~*~*~ (hiding).
 34419 | Snake:2  | 34419 ||| INVOKING Berserk.
 34423 | Snake:2  | Identified the +9 great mace of Bile {holy, Int+3}
 34435 | Snake:2  | 34435 ||| INVOKING Brothers in Arms.
 34436 | Snake:2  | 34436 ||| INVOKING Brothers in Arms.
 34437 | Snake:2  | 34437 ||| INVOKING Brothers in Arms.
 34726 | Snake:2  | Noticed qw's ghost (adept MiBe)
 35036 | Snake:3  | 35036 ||| DROPPING +1 war axe of venom.
 35072 | Snake:3  | 35072 ||| INVOKING Berserk.
 35298 | Snake:3  | 35298 ||| Stepping ~*~*~tactically~*~*~ (hiding).
 35299 | Snake:3  | 35299 ||| Stepping ~*~*~tactically~*~*~ (hiding).
 35315 | Snake:3  | Reached XP level 17. HP: 105/170 MP: 16/16
 35770 | Snake:3  | Noticed Nikola
 35787 | Snake:3  | 35787 ||| Stepping ~*~*~tactically~*~*~ (stealth).
 35795 | Snake:3  | 35795 ||| INVOKING Berserk.
 35797 | Snake:3  | Killed Nikola
 35805 | Snake:3  | 35805 ||| INVOKING Brothers in Arms.
 35810 | Snake:3  | HP: 42/170 [naga sharpshooter/bolt (3)]
 35811 | Snake:3  | 35811 ||| READING 8 scrolls of teleportation.
 35812 | Snake:3  | 35812 ||| DRINKING 4 potions of heal wounds.
 36358 | Snake:3  | 36358 ||| INVOKING Berserk.
 36521 | Snake:3  | 36521 ||| DROPPING ring of resist corrosion.
 36569 | Snake:4  | Entered Level 4 of the Snake Pit
 36570 | Snake:4  | 36570 ||| PLANNING SWAMP:1-3
 36570 | Snake:4  | 36570 ||| STAIRDANCE
 36698 | Swamp:1  | Entered Level 1 of the Swamp
 36704 | Swamp:1  | Reached skill level 15 in Shields
 36952 | Swamp:1  | 36952 ||| Stepping ~*~*~tactically~*~*~ (hiding).
 37418 | Swamp:1  | 37418 ||| Stepping ~*~*~tactically~*~*~ (hiding).
 37419 | Swamp:1  | 37419 ||| Stepping ~*~*~tactically~*~*~ (hiding).
 37610 | Swamp:1  | 37610 ||| Stepping ~*~*~tactically~*~*~ (hiding).
 37733 | Swamp:1  | 37733 ||| INVOKING Berserk.
 37972 | Swamp:1  | 37972 ||| READING scroll labelled QURCHARY XABLEU.
 37988 | Swamp:2  | 37988 ||| Stepping ~*~*~tactically~*~*~ (water).
 37989 | Swamp:2  | 37989 ||| STAIRDANCE
 38112 | Swamp:2  | 38112 ||| INVOKING Berserk.
 38263 | Swamp:2  | 38263 ||| INVOKING Berserk.
 38402 | Swamp:2  | 38402 ||| Stepping ~*~*~tactically~*~*~ (water).
 38473 | Swamp:2  | 38473 ||| Stepping ~*~*~tactically~*~*~ (stealth).
 38476 | Swamp:2  | 38476 ||| INVOKING Brothers in Arms.
 38480 | Swamp:2  | 38480 ||| INVOKING Berserk.
 38721 | Swamp:2  | 38721 ||| INVOKING Berserk.
 39012 | Swamp:2  | 39012 ||| Stepping ~*~*~tactically~*~*~ (hiding).
 39015 | Swamp:2  | 39015 ||| Stepping ~*~*~tactically~*~*~ (hiding).
 39395 | Swamp:3  | 39395 ||| Stepping ~*~*~tactically~*~*~ (water).
 39416 | Swamp:3  | 39416 ||| SWAPPING to +0 vampiric demon whip.
 39417 | Swamp:3  | 39417 ||| INVOKING Berserk.
 39428 | Swamp:3  | 39428 ||| SWAPPING to +1 broad axe of venom.
 39577 | Swamp:3  | 39577 ||| Stepping ~*~*~tactically~*~*~ (hiding).
 39594 | Swamp:3  | 39594 ||| FLEEEEING.
 39595 | Swamp:3  | 39595 ||| FLEEEEING.
 39597 | Swamp:3  | 39597 ||| SWAPPING to +0 vampiric demon whip.
 39598 | Swamp:3  | 39598 ||| INVOKING Berserk.
 39605 | Swamp:3  | 39605 ||| SWAPPING to +1 broad axe of venom.
 39619 | Swamp:3  | 39619 ||| INVOKING Brothers in Arms.
 39622 | Swamp:3  | 39622 ||| Stepping ~*~*~tactically~*~*~ (water).
 39629 | Swamp:3  | HP: 36/170 [spriggan rider/+0 spear (12)]
 39630 | Swamp:3  | 39630 ||| READING 7 scrolls of teleportation.
 39631 | Swamp:3  | 39631 ||| DRINKING 3 potions of heal wounds.
 39988 | Swamp:3  | Reached skill level 18 in Armour
 40164 | Swamp:3  | 40164 ||| INVOKING Berserk.
 40466 | Swamp:3  | 40466 ||| PLANNING SNAKE:4
 40466 | Swamp:3  | 40466 ||| DROPPING ring of protection from cold.
 40628 | Snake:4  | 40628 ||| INVOKING Berserk.
 40958 | Snake:4  | 40958 ||| Stepping ~*~*~tactically~*~*~ (hiding).
 40959 | Snake:4  | 40959 ||| Stepping ~*~*~tactically~*~*~ (hiding).
 40975 | Snake:4  | 40975 ||| INVOKING Berserk.
 41057 | Snake:4  | 41057 ||| Stepping ~*~*~tactically~*~*~ (hiding).
 41076 | Snake:4  | 41076 ||| INVOKING Berserk.
 41128 | Snake:4  | 41128 ||| FLEEEEING.
 41129 | Snake:4  | 41129 ||| FLEEEEING.
 41130 | Snake:4  | 41130 ||| FLEEEEING.
 41131 | Snake:4  | 41131 ||| FLEEEEING.
 41132 | Snake:4  | 41132 ||| FLEEEEING.
 41149 | Snake:4  | 41149 ||| FLEEEEING.
 41150 | Snake:4  | 41150 ||| FLEEEEING.
 41151 | Snake:4  | 41151 ||| FLEEEEING.
 41152 | Snake:4  | 41152 ||| FLEEEEING.
 41153 | Snake:4  | 41153 ||| FLEEEEING.
 41154 | Snake:4  | 41154 ||| FLEEEEING.
 41155 | Snake:4  | 41155 ||| FLEEEEING.
 41156 | Snake:4  | 41156 ||| FLEEEEING.
 41164 | Snake:4  | 41164 ||| STAIRDANCE
 41329 | Snake:4  | 41329 ||| Stepping ~*~*~tactically~*~*~ (hiding).
 41331 | Snake:4  | 41331 ||| Stepping ~*~*~tactically~*~*~ (hiding).
 41666 | Snake:4  | 41666 ||| Stepping ~*~*~tactically~*~*~ (hiding).
 41674 | Snake:4  | 41674 ||| INVOKING Berserk.
 41911 | Snake:4  | 41911 ||| INVOKING Berserk.
 41936 | Snake:4  | 41936 ||| FLEEEEING.
 41937 | Snake:4  | 41937 ||| FLEEEEING.
 41938 | Snake:4  | 41938 ||| FLEEEEING.
 41939 | Snake:4  | 41939 ||| FLEEEEING.
 41946 | Snake:4  | 41946 ||| FLEEEEING.
 41947 | Snake:4  | 41947 ||| FLEEEEING.
 41948 | Snake:4  | 41948 ||| FLEEEEING.
 41949 | Snake:4  | 41949 ||| FLEEEEING.
 41951 | Snake:4  | 41951 ||| FLEEEEING.
 41955 | Snake:4  | 41955 ||| FLEEEEING.
 41956 | Snake:4  | 41956 ||| FLEEEEING.
 41968 | Snake:4  | 41968 ||| FLEEEEING.
 42026 | Snake:4  | 42026 ||| Stepping ~*~*~tactically~*~*~ (hiding).
 42028 | Snake:4  | 42028 ||| Stepping ~*~*~tactically~*~*~ (hiding).
 42243 | Snake:4  | 42243 ||| Stepping ~*~*~tactically~*~*~ (hiding).
 42244 | Snake:4  | 42244 ||| Stepping ~*~*~tactically~*~*~ (hiding).
 42248 | Snake:4  | 42248 ||| INVOKING Berserk.
 42261 | Snake:4  | 42261 ||| INVOKING Brothers in Arms.
 42336 | Snake:4  | 42336 ||| INVOKING Berserk.
 42341 | Snake:4  | Reached XP level 18. HP: 130/180 MP: 17/17
 42362 | Snake:4  | 42362 ||| FLEEEEING.
 42424 | Snake:4  | 42424 ||| INVOKING Berserk.
 42465 | Snake:4  | 42465 ||| FLEEEEING.
 42547 | Snake:4  | 42547 ||| DROPPING +0 vampiric demon whip.
 42557 | Snake:4  | 42557 ||| Stepping ~*~*~tactically~*~*~ (hiding).
 42741 | Snake:4  | 42741 ||| INVOKING Berserk.
 43094 | Snake:4  | 43094 ||| INVOKING Berserk.
 43108 | Snake:4  | HP: 64/270 [quicksilver dragon (10)]
 43111 | Abyss:3  | Cast into level 3 of the Abyss (nagaraja)
 43113 | Abyss:3  | HP: 36/270 [poisoned by a nagaraja (poison arrow)]
 43115 | Abyss:3  | 43115 ||| INVOKING Trog's Hand.
 43118 | Abyss:3  | HP: 22/180 [poisoned by a nagaraja (poison arrow)]
 43134 | Abyss:3  | 43134 ||| INVOKING Trog's Hand.
 43144 | Abyss:3  | 43144 ||| INVOKING Trog's Hand.
 43146 | Abyss:3  | 43146 ||| Stepping ~*~*~tactically~*~*~ (stealth).
 43180 | Abyss:3  | 43180 ||| INVOKING Trog's Hand.
 43196 | Abyss:3  | Reached skill level 21 in Fighting
 43198 | Abyss:3  | 43198 ||| INVOKING Berserk.
 43207 | Abyss:3  | Reached skill level 18 in Shields
 43214 | Abyss:3  | 43214 ||| INVOKING Trog's Hand.
 43239 | Abyss:3  | 43239 ||| INVOKING Trog's Hand.
 43324 | Abyss:3  | 43324 ||| INVOKING Trog's Hand.
 43340 | Abyss:3  | 43340 ||| INVOKING Trog's Hand.
 43345 | Abyss:3  | Noticed a lich
 43346 | Abyss:3  | 43346 ||| Stepping ~*~*~tactically~*~*~ (stealth).
 43360 | Abyss:3  | 43360 ||| Stepping ~*~*~tactically~*~*~ (stealth).
 43388 | Abyss:3  | 43388 ||| Stepping ~*~*~tactically~*~*~ (stealth).
 43389 | Abyss:3  | 43389 ||| Stepping ~*~*~tactically~*~*~ (stealth).
 43391 | Abyss:3  | 43391 ||| INVOKING Brothers in Arms.
 43392 | Abyss:3  | 43392 ||| INVOKING Brothers in Arms.
 43405 | Abyss:3  | Gained mutation: You occasionally lose the ability to read
                  | scrolls when taking damage. [a neqoxec]
 43408 | Abyss:3  | 43408 ||| DRINKING 2 potions of mutation.
 43408 | Abyss:3  | Lost mutation: You occasionally lose the ability to read
                  | scrolls when taking damage. [potion of mutation]
 43408 | Abyss:3  | Gained mutation: You have a pair of large horns on your
                  | head. [potion of mutation]
 43408 | Abyss:3  | Gained mutation: You are dopey. (Int -2) [potion of
                  | mutation]
 43408 | Abyss:3  | Gained mutation: You have large cloven feet. [potion of
                  | mutation]
 43408 | Abyss:3  | Gained mutation: You passively map a small area around you.
                  | [potion of mutation]
 43433 | Abyss:3  | 43433 ||| Stepping randomly (disturbance).
 43434 | Abyss:3  | 43434 ||| Stepping randomly (disturbance).
 43436 | Abyss:3  | 43436 ||| Stepping randomly (disturbance).
 43450 | Abyss:3  | 43450 ||| Stepping ~*~*~tactically~*~*~ (hiding).
 43453 | Abyss:3  | 43453 ||| INVOKING Trog's Hand.
 43455 | Abyss:3  | 43455 ||| INVOKING Berserk.
 43461 | Abyss:3  | Killed a lich
 43526 | Abyss:3  | 43526 ||| Stepping ~*~*~tactically~*~*~ (hiding).
 43545 | Abyss:3  | 43545 ||| Stepping ~*~*~tactically~*~*~ (stealth).
 43563 | Abyss:3  | 43563 ||| INVOKING Berserk.
 43578 | Snake:4  | Escaped the Abyss
 43582 | Snake:4  | HP: 45/182 [nagaraja/bolt of poison (4)]
 43583 | Snake:4  | 43583 ||| READING 7 scrolls of teleportation.
 43584 | Snake:4  | 43584 ||| DRINKING 2 potions of heal wounds.
 43587 | Snake:4  | HP: 39/182 [poisoned by a nagaraja (bolt of poison)]
 44074 | Snake:4  | 44074 ||| Stepping ~*~*~tactically~*~*~ (stealth).
 44077 | Snake:4  | 44077 ||| Stepping ~*~*~tactically~*~*~ (hiding).
 44087 | Snake:4  | 44087 ||| INVOKING Berserk.
 44424 | Snake:4  | 44424 ||| Stepping ~*~*~tactically~*~*~ (stealth).
 44427 | Snake:4  | 44427 ||| INVOKING Berserk.
 44475 | Snake:4  | 44475 ||| FLEEEEING.
 44476 | Snake:4  | 44476 ||| FLEEEEING.
 44477 | Snake:4  | 44477 ||| FLEEEEING.
 44478 | Snake:4  | 44478 ||| FLEEEEING.
 44479 | Snake:4  | 44479 ||| FLEEEEING.
 44480 | Snake:4  | 44480 ||| FLEEEEING.
 44481 | Snake:4  | 44481 ||| FLEEEEING.
 44482 | Snake:4  | 44482 ||| FLEEEEING.
 44738 | Snake:4  | 44738 ||| Stepping ~*~*~tactically~*~*~ (stealth).
 44740 | Snake:4  | 44740 ||| Stepping ~*~*~tactically~*~*~ (hiding).
 44742 | Snake:4  | 44742 ||| Stepping ~*~*~tactically~*~*~ (hiding).
 44747 | Snake:4  | 44747 ||| INVOKING Berserk.
 44877 | Snake:4  | Got a serpentine rune of Zot
 44927 | Snake:4  | 44927 ||| PLANNING VAULTS:1-4
 44927 | Snake:4  | 44927 ||| DROPPING +2 hat of stealth.
 44928 | Snake:4  | 44928 ||| UPGRADING to amulet "Ennatzuk" {Faith Rampage
                  | Regen+ Int+3 Stlth-}.
 44938 | Snake:4  | 44938 ||| DROPPING amulet of the acrobat.
 44939 | Snake:4  | 44939 ||| READING scroll labelled HUUDWI HIETHAPP.
 45269 | Vaults:1 | Entered Level 1 of the Vaults
 45272 | Vaults:1 | 45272 ||| Stepping ~*~*~tactically~*~*~ (hiding).
 45273 | Vaults:1 | 45273 ||| Stepping ~*~*~tactically~*~*~ (stealth).
 45274 | Vaults:1 | 45274 ||| Stepping ~*~*~tactically~*~*~ (hiding).
 45289 | Vaults:1 | 45289 ||| INVOKING Berserk.
 45481 | Vaults:1 | 45481 ||| READING scroll of enchant armour.
 45481 | Vaults:1 | 45481 ||| ENCHANTING +0 plate armour.
 45497 | Vaults:1 | 45497 ||| Stepping ~*~*~tactically~*~*~ (stealth).
 45499 | Vaults:1 | 45499 ||| Stepping ~*~*~tactically~*~*~ (hiding).
 45577 | Vaults:1 | 45577 ||| Stepping ~*~*~tactically~*~*~ (stealth).
 45588 | Vaults:1 | 45588 ||| INVOKING Berserk.
 45614 | Vaults:1 | 45614 ||| DRINKING 3 potions of resistance.
 45615 | Vaults:1 | HP: 40/183 [ironbound thunderhulk/+0 great mace (14)]
 45616 | Vaults:1 | 45616 ||| READING 6 scrolls of teleportation.
 45617 | Vaults:1 | 45617 ||| DRINKING potion of heal wounds.
 45621 | Vaults:1 | HP: 38/183 [deep troll[an ironbound preserver] (12)]
 45622 | Vaults:1 | 45622 ||| READING 5 scrolls of teleportation.
 45623 | Vaults:1 | HP: 5/183 [deep troll[an ironbound preserver] (15)]
 45624 | Vaults:1 | Slain by an ironbound convoker

Levels and vault maps discovered:
D:1:      reono_arrival_forest_river, layout_loops_ring,
          ebering_ecumenical_altar_webs, dreamdust_princess_corridor,
          minmay_heptomino_o4
D:2:      layout_basic, hangedman_decor_opposing, corexii_shack,
          interstate_on_off
D:3:      layout_loops_corners, zin_academy,
          mainiacjoe_overflow_small_starburst, portal_sewer_entry_d,
          uniq_grinder
D:4:      layout_gridville
D:5:      cheibrodos_barr_body, layout_layer_cave, lemuel_tele_altar,
          serial_shops, nicolae_shop_statue_plus
D:6:      layout_layer_cave, mainiacjoe_overflow_surrounded_room, serial_shops,
          nicolae_take_the_stairs
D:7:      layout_basic, mainiacjoe_overflow_alcove_2,
          minmay_temple_entry_statues, serial_shops, nicolae_stop_n_shop_2,
          nicolae_ossuary_entry_monument, st_stairs_2, uniq_prince_ribbit1
D:8:      layout_rooms, okawaru_trees_1, nicolae_overflow_hidden_temple,
          cheibriados_altar_1, gammafunk_ghost_smash
D:9:      layout_rooms, lemuel_doored_altar, uniq_pikel, uniq_erolcha,
          uniq_joseph, uniq_maurice
D:10:     layout_rooms, lemuel_coloured_pillars_altar, dpeg_oklobed_lair,
          nicolae_shop_i_like_big_books, minmay_chambers_of_fives
D:11:     layout_loops_ring, gammafunk_ghost_nasty_kobolds,
          chequers_serial_rivers_large_a, uniq_urug, uniq_josephine
D:12:     layout_basic, ebering_ghost_gozag, portal_ice_cave_entry_pillars_2,
          minmay_three_doors
D:13:     layout_basic, serial_shops, nicolae_shop_hallway_plus,
          grunt_ministairs_14, kennysheep_decorative_pillar
D:14:     layout_irregular_city, erik_vaults_1, serial_park_tiny_2,
          gammafunk_ghost_icy, gauntlet_entry_generic,
          nicolae_elevator_lobby_plus
D:15:     hangedman_depths_entry_try_elsewhere_first, layout_irregular_city,
          chequers_serial_rivers_room_a, uniq_roxanne
Lair:1:   layout_regular_city, nicolae_quartered_pool_impasse
Lair:2:   layout_big_grid, ebering_ghost_disaster_area, st_stairs_5,
          lemuel_centaur_altar, serial_bayou_shore_a
Lair:3:   layout_long_grid, minmay_swamp_entry_worms,
          minmay_snake_entry_six_corridors, minivault_27, grunt_megastairs_3
Lair:4:   layout_cave_pods, minmay_slime_entry_oklob_enclosed
Lair:5:   hangedman_lair_caniforms_friends, layout_loops_ring,
          guppyfry_lair_end_dragon, infiniplex_staircase_pool_2,
          lemuel_fruit_fields, grunt_megastairs_1, uniq_snorg
Swamp:1:  layout_falls_marsh, serial_swamp_ruin, evilmike_swamp_ruin_rubble_2,
          evilmike_swamp_ruin_house_3, infiniplex_staircase_pool
Swamp:2:  layout_basic_swamp, evilmike_swamp_ruin_rubble_1
Swamp:3:  layout_basic_swamp, nicolae_swamp_dense_foliage
Snake:1:  layout_misc_corridors, grunt_ministairs_9, minmay_snake_pond,
          uniq_aizul
Snake:2:  hangedman_cross_stitches, layout_basic, ebering_ghost_reflecting_pool
Snake:3:  layout_gridlike, hangedman_venom_bottle, lemuel_fruit_tree,
          uniq_nikola
Snake:4:  hellmonk_snake_rune_quicksilver_temple, layout_cave_shapes
Orc:1:    layout_caves
Orc:2:    st_orc_ogre_mass, layout_caves, uniq_saint_roka, uniq_nessos,
          uniq_jorgrun
Vaults:1: ontoclasm_vaults_ring_small, v_misc_16, nicolae_vaults_hallways_thing,
          grunt_vaults_hallway_short, nicolae_vaults_circle_grid_a,
          nicolae_vaults_puzzle_piece, v_alt_pattern_4, v_pattern_2,
          nicolae_vaults_little_ls, nicolae_vaults_big_ls, v_alt_pattern_3,
          vaults_room_hallway, ontoclasm_vaults_decontamination,
          nicolae_vaults_specimen_jars, layout_vaults_maze_snakey

Skill      XL: |  1  2  3  4  5  6  7  8  9 10 11 12 13 14 15 16 17 18 |
---------------+-------------------------------------------------------+-----
Axes           | 4 5 7 8 10 12 13 15 16 18 | 18.0
Shields        | 1 2 3 4 5 7 8 9 10 11 14 17 18 | 18.0
Fighting       | 4 5 6 8 9 10 12 15 17 18 20 21 | 21.7
Armour         | 3 4 5 8 10 11 13 15 16 17 18 19 | 19.0
Throwing       | 1 3 4 6 7 9 10 | 10.0
Dodging        | 3 4 5 6 8 9 10 | 10.0

Action                   |  1- 3 |  4- 6 |  7- 9 | 10-12 | 13-15 | 16-18 || total
-------------------------+-------+-------+-------+-------+-------+-------++-------
Melee: Hand axe          |    71 |    77 |     4 |       |       |       ||   152
       Headbutt          |     7 |    13 |    27 |    66 |   198 |   316 ||   627
       Punch             |     1 |       |       |       |       |       ||     1
       War axe           |       |       |   189 |   159 |       |       ||   348
       Broad axe         |       |       |       |   187 |   832 |  1176 ||  2195
       Morningstar       |       |       |       |       |    70 |       ||    70
       Demon whip        |       |       |       |       |       |     5 ||     5
Throw: Boomerang         |    47 |    35 |    80 |    35 |    45 |       ||   242
       Javelin           |       |       |       |    26 |    92 |    77 ||   195
Invok: Berserk           |       |     4 |    14 |    21 |    39 |    40 ||   118
       Trog's Hand       |       |     1 |     1 |       |     6 |     9 ||    17
       Brothers in Arms  |       |       |       |     2 |     8 |     7 ||    17
  Use: Scroll            |     9 |     2 |    11 |     4 |     7 |    11 ||    44
       Potion            |       |     1 |     2 |     3 |     7 |     9 ||    22
 Stab: Distracted        |       |       |       |       |     1 |     2 ||     3
Armor: Animal skin       |    12 |       |       |       |       |       ||    12
       Chain mail        |     6 |    20 |    53 |       |       |       ||    79
       Plate armour      |       |       |     3 |   230 |   398 |   428 ||  1059
Dodge: Dodged            |    38 |    35 |   102 |   830 |   476 |   608 ||  2089
Block: Buckler           |     7 |    16 |    59 |   448 |   307 |   118 ||   955
       Kite shield       |       |       |       |       |       |   495 ||   495

Table legend:
 A = Non-vault XP
 B = Vault XP
 C = Vault XP percentage of total XP
 D = Non-vault monster count
 E = Vault monster count
 F = Vault count percentage of total count
                 A         B        C        D         E       F
            +---------+---------+-------+---------+---------+-------
      Total |  228239 |  113792 |  33.3 |     728 |     293 |  28.7
            +---------+---------+-------+---------+---------+-------
        D:1 |      30 |       5 |  14.3 |      19 |       3 |  13.6
        D:2 |      25 |       2 |   7.4 |       8 |       1 |  11.1
        D:3 |      90 |     281 |  75.7 |      18 |       2 |  10.0
        D:4 |     300 |       0 |   0.0 |      24 |       0 |   0.0
        D:5 |     618 |     644 |  51.0 |      20 |      14 |  41.2
        D:6 |     409 |       0 |   0.0 |      11 |       0 |   0.0
        D:7 |     774 |     413 |  34.8 |       7 |       3 |  30.0
        D:8 |    1839 |       0 |   0.0 |      39 |       0 |   0.0
        D:9 |    1883 |    2252 |  54.5 |      20 |       4 |  16.7
       D:10 |    1833 |    1089 |  37.3 |      16 |       5 |  23.8
       D:11 |    3862 |    2717 |  41.3 |      20 |       7 |  25.9
       D:12 |    8387 |    2259 |  21.2 |      12 |       3 |  20.0
       D:13 |    3650 |     402 |   9.9 |       6 |       2 |  25.0
       D:14 |    8229 |    1654 |  16.7 |      12 |       2 |  14.3
       D:15 |    7663 |    4188 |  35.3 |      16 |       5 |  23.8
     Lair:1 |    7862 |       0 |   0.0 |      26 |       0 |   0.0
     Lair:2 |    7305 |     966 |  11.7 |      27 |       6 |  18.2
     Lair:3 |    4720 |    2216 |  31.9 |      19 |      12 |  38.7
     Lair:4 |    6558 |    1167 |  15.1 |      27 |       2 |   6.9
     Lair:5 |    6247 |   16417 |  72.4 |      20 |      75 |  78.9
    Swamp:1 |   17056 |       0 |   0.0 |      30 |       0 |   0.0
    Swamp:2 |   11008 |       0 |   0.0 |      20 |       0 |   0.0
    Swamp:3 |    8423 |       0 |   0.0 |      16 |       0 |   0.0
    Snake:1 |    8998 |    6388 |  41.5 |      19 |       9 |  32.1
    Snake:2 |   26175 |    7309 |  21.8 |      48 |      12 |  20.0
    Snake:3 |   18102 |    9884 |  35.3 |      33 |      18 |  35.3
    Snake:4 |   27056 |   17657 |  39.5 |      50 |      19 |  27.5
      Orc:1 |    3228 |       0 |   0.0 |      39 |       0 |   0.0
      Orc:2 |    5843 |   24082 |  80.5 |      54 |      55 |  50.5
   Vaults:1 |   14823 |    6575 |  30.7 |      21 |      10 |  32.3
    Abyss:3 |   15243 |       0 |   0.0 |      31 |       0 |   0.0
    Ossuary |       0 |     148 | 100.0 |       0 |      16 | 100.0
   Gauntlet |       0 |    5077 | 100.0 |       0 |       8 | 100.0
            +---------+---------+-------+---------+---------+-------
